 Dungeon Crawl Stone Soup version 0.31-a0-121-g1e386dd289 (webtiles) character file.

Game seed: 13645931413690344032

2275 Essalna the Destroyer (level 9, -26/57 HPs)
             Began as a Tengu Conjurer on June 1, 2023.
             Hit by a large rock thrown by a cyclops (36 damage)
             ... on level 8 of the Dungeon.
             The game lasted 00:13:16 (5846 turns).

Essalna the Destroyer (Tengu Conjurer)              Turns: 5846, Time: 00:13:17

Health: -26/57     AC:  4    Str:  7    XL:     9   Next: 39%
Magic:  2/22       EV: 14    Int: 24    God:
Gold:   348        SH:  0    Dex: 12    Spells: 5/12 levels left

rFire   + . .        h - +1 short sword (venom)
rCold   . . .        (no shield)
rNeg    . . .        a - +0 robe
rPois   .            (helmet restricted)
rElec   .            r - +0 cloak
rCorr   .            g - +0 pair of gloves
SInv    .            (boots unavailable)
Will    .....        (no amulet)
Stlth   ++           l - ring of protection from fire
HPRegen 0.29/turn    m - ring of magical power
MPRegen 0.18/turn

%: no passive effects
@: flying quickly and evasively, quick
A: beak, talons 3, nimble flight
a: no special abilities


You were on level 8 of the Dungeon.
You visited 1 branch of the dungeon, and saw 8 of its levels.

You collected 348 gold pieces.

Inventory:

Hand Weapons
 d - a +0 dagger of holy wrath
 h - a +1 short sword of venom (weapon)
Armour
 a - a +0 robe (worn)
 g - a +0 pair of gloves (worn)
 n - a scarf of invisibility
 r - a +0 cloak (worn)
Jewellery
 l - a ring of protection from fire (left hand)
 m - a ring of magical power (right hand)
Wands
 o - a wand of polymorph (6)
Scrolls
 c - 3 scrolls of identify
 e - a scroll of noise
 s - a scroll of amnesia {unknown}
Potions
 b - a potion of magic
 f - a potion of invisibility
 i - a potion of curing
 j - a potion of mutation {unknown}
 k - a potion of heal wounds
 p - a potion of ambrosia {unknown}
 q - a potion of resistance {unknown}


   Skills:
 + Level 7.4 Fighting
 - Level 2.1 Dodging
 - Level 2.0 Stealth
 - Level 2.0 Spellcasting
 + Level 11.0 Conjurations
 - Level 5.0 Translocations


You had 5 spell levels left.
You knew the following spells:

 Your Spells              Type           Power      Damage    Failure   Level
a - Magic Dart            Conj           100%       1d8       1%          1
b - Searing Ray           Conj           100%       2d8       1%          2
c - Iskenderun's Mystic   Conj/Tloc      40%        2d9       4%          4

Your spell library contained the following spells:

 Spells                   Type           Power      Damage    Failure   Level
 Dazzling Flash           Conj/Hex       56%        N/A       3%          3
 Mephitic Cloud           Conj/Pois/Air  20%        N/A       8%          3
 Fulminant Prism          Conj/Hex       14%        3d8       12%         4
 Portal Projectile        Hex/Tloc       28%        N/A       13%         3
 Passage of Golubria      Tloc           26%        N/A       16%         4
 Call Imp                 Summ           4%         N/A       19%         2
 Call Canine Familiar     Summ           2%         N/A       34%         3
 Tukima's Dance           Hex            2%         N/A       34%         3
 Leda's Liquefaction      Hex/Erth       1%         N/A       75%         4
 Yara's Violent Unravell  Hex/Tmut       1%         3d3       97%         5


Dungeon Overview and Level Annotations

Branches:
Dungeon (9/15)
 Temple: D:4-7         Lair: D:8-11         Orc: D:9-12

Altars:
Makhleb
Okawaru
Vehumet
Xom
Zin

Shops:
D:9 =

Annotations:
D:7 Joseph


Innate Abilities, Weirdness & Mutations

You have a beak for a mouth.
You have claws for feet.
Your magical nature lets you fly swiftly and evasively.


Message History

Your Conjurations skill increases to level 11!
Without enough magic to sustain it, your searing ray dissipates.
The orc wizard closely misses you.
Casting: Searing Ray (safe; 1% risk of failure)
Confirm with . or Enter, or press ? or * to list all spells.
You don't have enough magic to cast this spell.
Unknown command.
You are too injured to fight recklessly!
You are too injured to fight recklessly!
You are too injured to fight recklessly!
You are too injured to fight recklessly!
Hit: h) +1 short sword (venom)
Press: ? - help, Dir - move target, f - orc wizard
Aim: an orc wizard, wielding a +0 dagger and wearing a +0 robe (about 42% to evade your +1 short sword of venom)
You closely miss the orc wizard. Your kick misses the orc wizard.
Your peck misses the orc wizard.
A centaur warrior comes into view.
It is quivering boomerangs of dispersal.
The orc wizard misses you.
Hit: h) +1 short sword (venom)
Press: ? - help, Dir - move target, f/p - orc wizard
Aim: an orc wizard, wielding a +0 dagger and wearing a +0 robe (about 42% to evade your +1 short sword of venom)
The centaur warrior shouts!
You hit the orc wizard. You claw the orc wizard.
The orc wizard is moderately wounded.
The centaur warrior wields a +0 shortbow.
The centaur warrior shoots an arrow.
The arrow hits you!!
* * * LOW HITPOINT WARNING * * *
The orc wizard hits you with a +0 dagger.
* * * LOW HITPOINT WARNING * * *
You feel much better.
Okay, then.
The centaur warrior shouts!
The centaur warrior wields a +0 orcbow.
The centaur warrior shoots an arrow.
The arrow hits you!!
* * * LOW HITPOINT WARNING * * *
A cyclops comes into view.
The cyclops shouts!
You hear a howl!
The cyclops throws a large rock.
The large rock hits you!!!
Ouch! That really hurt!
You die...

........#......................#*
........#...........c..........#,
........'.))...................#,
,###....####.####..#*#...##..Y.#,
,**###†#####.####..###...*#.....,
,,,,....................,*.....#.
,,.......)..............,*,,,,,*,
...............o........,*,,,,,*,
................@........#,,,,,**
.......................>.+,,,,,**
....o....................#,,,,,,,
***,*#...###..########...#******,
***,*#...###..###..###.C.##*,,**+
*,,,,#....................+,,,,,,
*,,,,#....................#,,,,,,
*,,,,#........Y...........#,,,,,,
*,,,*#$..####.##[####....##*+****


You could see a centaur warrior, a cyclops and an orc wizard.

Vanquished Creatures
  A two-headed ogre (D:9)
  Maurice (D:9)
  3 orc warriors
  A sky beast (D:8)
  A centaur (D:9)
  2 bullfrogs
  A scorpion (D:7)
  5 killer bees (D:8)
  A howler monkey (D:9)
  3 hounds
  2 orc priests
  4 orc wizards
  2 iguanas
  3 gnolls (D:7)
  4 adders
  2 worms
  3 dart slugs
  23 orcs
  3 bats (D:1)
  13 endoplasms
  6 giant cockroaches
  7 hobgoblins
  5 jackals (D:1)
  2 quokkas (D:1)
  9 ball pythons
  A frilled lizard (D:1)
  10 goblins
  6 kobolds
  7 rats
131 creatures vanquished.

Notes
Turn   | Place    | Note
-------+----------+-------------------------------------------
     0 | D:1      | Essalna the Tengu Conjurer began the quest for the Orb.
     0 | D:1      | Reached XP level 1. HP: 10/10 MP: 4/4
     1 | D:1      | Found a runed translucent door.
   223 | D:1      | Reached skill level 1 in Fighting
   223 | D:1      | Reached XP level 2. HP: 16/16 MP: 3/6
   710 | D:1      | Reached XP level 3. HP: 20/20 MP: 4/7
   861 | D:1      | Reached skill level 6 in Conjurations
   926 | D:1      | Found a faded altar of an unknown god.
  1150 | D:1      | Learned a level 2 spell: Searing Ray
  1375 | D:1      | Reached XP level 4. HP: 22/26 MP: 6/8
  2576 | D:3      | Learned a level 4 spell: Iskenderun's Mystic Blast
  2890 | D:3      | Gained mutation: Your magical nature lets you fly swiftly
                  | and evasively. [Tengu growth]
  2890 | D:3      | Reached XP level 5. HP: 32/32 MP: 9/9
  2923 | D:3      | Reached skill level 7 in Conjurations
  3053 | D:3      | Reached skill level 1 in Translocations
  3576 | D:4      | Reached XP level 6. HP: 25/37 MP: 9/10
  3763 | D:4      | Found an iron altar of Okawaru.
  3865 | D:4      | Found a burning altar of Makhleb.
  4246 | D:4      | Found a radiant altar of Vehumet.
  4252 | D:4      | Found a glowing silver altar of Zin.
  4261 | D:4      | Found a shimmering altar of Xom.
  4349 | D:4      | You are sucked into a shaft and drop 3 floors!
  4359 | D:7      | Noticed Joseph
  4419 | D:8      | Noticed a centaur warrior
  4442 | D:8      | Noticed an orc warrior
  4461 | D:7      | Killed an orc warrior
  4467 | D:7      | Reached skill level 8 in Conjurations
  4467 | D:7      | Reached XP level 7. HP: 26/43 MP: 5/11
  5051 | D:8      | Reached skill level 5 in Fighting
  5094 | D:8      | Noticed a yak
  5094 | D:8      | Noticed a yak
  5094 | D:8      | Noticed a yak
  5116 | D:8      | Reached XP level 8. HP: 40/49 MP: 12/12
  5149 | D:8      | Noticed a yak
  5210 | D:9      | Noticed a two-headed ogre
  5218 | D:9      | Killed a two-headed ogre
  5219 | D:9      | Reached skill level 9 in Conjurations
  5288 | D:9      | Reached skill level 10 in Conjurations
  5446 | D:9      | Noticed Maurice
  5462 | D:9      | Killed Maurice
  5463 | D:9      | Reached skill level 5 in Translocations
  5463 | D:9      | Reached XP level 9. HP: 56/56 MP: 7/13
  5629 | D:9      | Found Liaqowk's Jewellery Shop.
  5837 | D:8      | Reached skill level 11 in Conjurations
  5839 | D:8      | Noticed a centaur warrior
  5846 | D:8      | Noticed a cyclops
  5846 | D:8      | Hit by a large rock thrown by a cyclops

Illustrated notes

Levels and vault maps discovered:
D:1:      dpeg_arrival_caged_fury, layout_basic,
          chequers_ecumenical_altar_grove, minmay_hedge_maze,
          minmay_heptomino_h4
D:2:      minmay_skewed_foursquare, layout_basic, minmay_misc_feat_four_crosses,
          lightli_corner_chamber
D:3:      layout_loops_ring, chequers_serial_rivers_micro_b, grunt_ministairs_2
D:4:      layout_basic, mainiacjoe_overflow_chevrons,
          nicolae_overflow_crystal_walls, minmay_overflow_temple_star_quad,
          uniq_sigmund
D:6:      layout_basic, serial_shops, shop, nicolae_fountain_basement
D:7:      layout_loops_ring, mainiacjoe_overflow_six_doors_small, uniq_joseph
D:8:      layout_gridville, nemelex_diamond_rough_becter, enter_bailey_4,
          minmay_the_grid_2x2 [minmay_the_grid_dragon_b,
          minmay_the_grid_stretched_grid, minmay_the_grid_plusring,
          minmay_the_grid_prize_big_room]
D:9:      layout_basic, serial_shops, kennysheep_little_box, uniq_maurice

Skill      XL: |  1  2  3  4  5  6  7  8  9 |
---------------+----------------------------+-----
Fighting       | 1 2 3 4 5 6 7 |  7.4
Conjurations   | 6 7 8 10 11 | 11.0
Translocations | 1 2 3 5 |  5.0
Dodging        | |  2.1
Stealth        | |  2.0
Spellcasting   | |  2.0

Action                     |  1- 3 |  4- 6 |  7- 9 || total
---------------------------+-------+-------+-------++-------
  Melee: Unarmed           |     5 |       |       ||     5
         Kick              |     7 |     1 |     7 ||    15
         Peck              |     1 |     2 |     6 ||     9
         Short sword       |    10 |    20 |    27 ||    57
   Cast: Magic Dart        |    60 |   107 |    76 ||   243
         Searing Ray       |     2 |     7 |    18 ||    27
    Use: Potion            |       |     2 |     1 ||     3
         Scroll            |       |     9 |     3 ||    12
 Armour: Robe              |     5 |     9 |    14 ||    28
         Skin              |       |       |     4 ||     4
  Dodge: Dodged            |    17 |    26 |    65 ||   108

Table legend: (Time is in decaauts)
 A = Elapsed time spent in this place.
 B = Non-inter-level travel time spent in this place.
 C = Inter-level travel time spent in this place.
 D = Time resting spent in this place.
 E = Time spent auto-exploring this place.
 F = Levels seen in this place.
 G = Mean time per level.
                   A        B        C        D        E       F      G
               +--------+--------+--------+--------+--------+-----+--------+
         Total |   5695 |   5503 |    192 |    123 |   4473 |   8 |  711.9 |
       Dungeon |   5695 |   5503 |    192 |    123 |   4473 |   8 |  711.9 |
               +--------+--------+--------+--------+--------+-----+--------+

Top non-repeatable levels by time:
     D:1: 1421 daAuts
     D:2: 1031 daAuts
     D:3: 1026 daAuts
     D:4: 777 daAuts
     D:9: 483 daAuts
     D:7: 406 daAuts
     D:8: 370 daAuts
     D:6: 178 daAuts
